 Dungeon Crawl Stone Soup version 0.28-a0-1130-gc51a68064b (webtiles) character file.

Game seed: 8135195533419772587

150 avis the Ruffian (level 5, -7/48 HPs)
             Began as a Hill Orc Monk on Dec 12, 2021.
             Mangled by Grinder (8 damage)
             ... on level 2 of the Dungeon.
             The game lasted 00:12:15 (3668 turns).

avis the Ruffian (Hill Orc Monk)                    Turns: 3668, Time: 00:12:16

Health: -7/48      AC:  3    Str: 14    XL:     5   Next: 32%
Magic:  5/5        EV: 12    Int: 12    God:
Gold:   65         SH:  0    Dex: 13    Spells: 4/4 levels left

rFire   . . .      SeeInvis .     - Unarmed
rCold   . . .      Faith    .   (no shield)
rNeg    . . .      Spirit   .   a - +0 robe
rPois   .          Reflect  .   n - +0 helmet
rElec   .          Harm     .   (no cloak)
rCorr   .          Rampage  .   (no gloves)
Will    .....                   (no boots)
Stlth   ++........              (no amulet)
HPRegen 0.16/turn               (no ring)
MPRegen 0.09/turn               (no ring)

@: mighty
A: no striking features
a: no special abilities


You were on level 2 of the Dungeon.
You visited 1 branch of the dungeon, and saw 3 of its levels.

You collected 65 gold pieces.

Inventory:

Hand Weapons
 c - a +0 spear
Missiles
 f - 89 stones (quivered)
 l - 38 bolts
Armour
 a - a +0 robe (worn)
 b - a +0 leather armour
 h - a +0 scale mail
 n - a +0 helmet (worn)
Scrolls
 d - 2 scrolls of teleportation {unknown}
 e - 2 scrolls of silence {unknown}
 i - a scroll of noise {unknown}
 j - a scroll of magic mapping {unknown}
 k - a scroll of vulnerability {unknown}
Potions
 m - a potion of might


   Skills:
 + Level 5.0 Fighting
 - Level 2.4 Dodging
 - Level 1.5 Stealth
 * Level 5.6 Unarmed Combat


You had 4 spell levels left.
You didn't know any spells.
Your spell library was empty.

Dungeon Overview and Level Annotations

Branches:
Dungeon (3/15)

Altars:

Shops:
D:2 !

Annotations:
D:2 Grinder
D:3 Natasha


Message History

Grinder hits you but does no damage.
You hit Grinder.
Grinder is moderately wounded.
Grinder says, "I used to sell toenails on the black market."
Grinder gestures at you. You resist with significant effort.
You hit Grinder.
Grinder is heavily wounded.
Grinder hits you but does no damage.
You closely miss Grinder.
Grinder is heavily wounded.
Grinder hits you!
* * * LOW HITPOINT WARNING * * *
You writhe in agony.
* * * LOW HITPOINT WARNING * * *
It was a potion of might.
You feel very mighty all of a sudden. Grinder hits you but does no damage.
You hit Grinder.
Grinder is heavily wounded.
Grinder closely misses you.
You hit Grinder.
Grinder is severely wounded.
Grinder barely misses you.
You hit Grinder.
Grinder is severely wounded.
Grinder closely misses you.
You hit Grinder.
Grinder is almost dead.
You barely miss Grinder.
Grinder is almost dead.
Grinder says, "Wait up."
Grinder blinks!
You aren't carrying any items that you can evoke.
It was a potion of curing.
You feel better.
Grinder blinks!
Grinder gestures at you. Pain shoots through your body!
* * * LOW HITPOINT WARNING * * *
Grinder hits you!
You die...

#.......####............####.#
#.###...........#######.# #..
####.###...###...###### #.# #..
.......####...........####.####..
######......##...####............
#..#######.## ######.####.# #..#
#.# #..# #.# #..# #.#########..#
#># #..# #5@>†........# #.# #..#
##########.### #.# ######..# #.#
#.# ........# #.# #.# ........#
#.# #.# ..####.## #.# #.#
.#####.# #.# #.# .......#
#.######.# .#.###.# #.##.....#


You could see Grinder.

Vanquished Creatures
  A howler monkey (D:2)
  Natasha (twice) (D:3)
  An adder (D:2)
  A dart slug (D:1)
  8 endoplasms
  A giant cockroach (D:3)
  2 goblins
  3 hobgoblins
  4 jackals (D:3)
  4 kobolds
  3 quokkas
  4 ball pythons
  5 bats
  7 frilled lizards
  4 rats
50 creatures vanquished.

Vanquished Creatures (others)
  2 fungi (D:1)
  3 plants (D:1)
5 creatures vanquished.

Grand Total: 55 creatures vanquished

Notes
Turn   | Place    | Note
-------+----------+-------------------------------------------
     0 | D:1      | avis the Hill Orc Monk began the quest for the Orb.
     0 | D:1      | Reached XP level 1. HP: 19/19 MP: 1/1
   291 | D:1      | Reached XP level 2. HP: 11/27 MP: 2/2
   295 | D:1      | HP: 1/27 [kobold (2)]
   735 | D:1      | Found a faded altar of an unknown god.
  1352 | D:2      | Reached XP level 3. HP: 27/33 MP: 3/3
  1490 | D:2      | Found Ceotoetiunk's Distillery.
  2439 | D:3      | Noticed Natasha
  2458 | D:3      | Killed Natasha
  2459 | D:3      | Reached XP level 4. HP: 7/41 MP: 4/4
  2730 | D:3      | Noticed Grinder
  2745 | D:3      | Reached skill level 5 in Unarmed Combat
  2864 | D:3      | Noticed Natasha
  2954 | D:3      | Killed Natasha
  2978 | D:3      | HP: 1/41 [Grinder/nerve-wracking pain (11)]
  2996 | D:3      | Noticed Natasha
  3021 | D:2      | HP: 2/41 [howler monkey (5)]
  3145 | D:2      | HP: 1/41 [howler monkey (7)]
  3320 | D:2      | Reached skill level 5 in Fighting
  3320 | D:2      | Reached XP level 5. HP: 12/48 MP: 5/5
  3667 | D:2      | HP: 1/48 [Grinder/nerve-wracking pain (10)]
  3668 | D:2      | Mangled by Grinder

Illustrated notes

Levels and vault maps discovered:
D:1:      dpeg_arrival_simpleton_b, layout_basic,
          dreamdust_ecumenical_altar_grove
D:2:      layout_loops_ring, serial_shops,
          nicolae_shop_temple_entry_statues_fountains
D:3:      layout_loops_ring, nicolae_overflow_hallway_of_the_gods, uniq_grinder,
          uniq_natasha

Skill      XL: |  1  2  3  4 |
---------------+-------------+-----
Fighting       | 4 5 |  5.0
Unarmed Combat | 4 5 |  5.6
Dodging        | |  2.4
Stealth        | |  1.5

Action                   |  1- 3 |  4- 6 || total
-------------------------+-------+-------++-------
Melee: Unarmed           |   133 |    87 ||   220
       Punch             |     1 |     1 ||     2
  Use: Potion            |       |     2 ||     2
 Stab: Sleeping          |     4 |       ||     4
Armor: Robe              |    17 |    28 ||    45
Dodge: Dodged            |    91 |    54 ||   145

Table legend: (Time is in decaauts)
 A = Elapsed time spent in this place.
 B = Non-inter-level travel time spent in this place.
 C = Inter-level travel time spent in this place.
 D = Time resting spent in this place.
 E = Time spent auto-exploring this place.
 F = Levels seen in this place.
 G = Mean time per level.
                   A        B        C        D        E       F      G
               +--------+--------+--------+--------+--------+-----+--------+
         Total |   3657 |   3488 |    169 |   1285 |   1109 |   3 | 1219.0 |
       Dungeon |   3657 |   3488 |    169 |   1285 |   1109 |   3 | 1219.0 |
               +--------+--------+--------+--------+--------+-----+--------+

Top non-repeatable levels by time:
     D:2: 1455 daAuts
     D:1: 1389 daAuts
     D:3: 812 daAuts
